AoeStats
← ZigZag Doobski

Oasis

509751140Analyzed
2v2 RM · 6d ago on Sep 27, 2026· 54m 23s· 4 players
Game mode
Random Map
Map size
Medium (4 player)
Population
200
Speed
Normal
Resources
Standard
Victory
Conquest
Starting age
Dark Age
Ending age
Imperial Age
RankedLock teamsTeams togetherTeam positionsShared explorationLock speedFull tech treeHidden civsTurbo modeCheats
Victory
Defeat
🇨🇦 Romans · Canada
690
+12
🇺🇸 Mongols · United States
557
+18
🇨🇿 Danes · Czechia
606
-15
🇨🇿 Maya · Czechia
592
-15
Skitles222
5:21 Loom
17:00 Feudal Age
17:35 Double-Bit Axe
17:44 Gold Mining
17:37 Horse Collar
23:21 Castle Age
21:37 Fletching
21:48 Padded Archer Armor
22:15 Stone Mining
23:38 Wheelbarrow
24:47 Bow Saw
24:40 Heavy Plow
25:19 Stone Shaft Mining
24:42 Bodkin Arrow
27:59 Hul'che Javelineers
34:26 Leather Archer Armor
37:58 Hand Cart
Dr460n1um-CZ
11:23 Feudal Age
12:02 Double-Bit Axe
12:59 Horse Collar
13:13 Loom
23:08 Gold Mining
23:09 Stone Mining
25:46 Castle Age
25:41 Wheelbarrow
27:36 Gold Shaft Mining
27:37 Stone Shaft Mining
28:03 Hand Cart
33:32 Bloodlines
34:52 Scale Barding Armor
34:58 Forging
34:50 Scale Mail Armor
36:47 Bow Saw
36:49 Heavy Plow
36:54 Caravan
39:10 Murder Holes
39:25 Masonry
39:39 Ballistics
45:45 Imperial Age
43:28 Man-at-Arms
43:54 Gambesons
44:10 Squires
43:56 Arson
45:02 Iron Casting
44:43 Chain Mail Armor
44:19 Fletching
44:31 Padded Archer Armor
48:46 Onager
48:47 Capped Ram
50:35 Hoardings
49:25 Hamask
50:29 Conscription
49:30 Elite Jomsviking
49:32 Northmen's Fury
51:01 Long Swordsman
51:03 Elite Varangian Guard
52:12 Chain Barding Armor
52:53 Blast Furnace
52:12 Chain Mail Armor
51:48 Fletching
51:34 Two-Handed Swordsman
52:22 Pikeman
BigTimTom
0:50 Loom
11:40 Feudal Age
12:18 Double-Bit Axe
15:38 Scale Mail Armor
18:14 Castle Age
18:29 Forging
18:15 Man-at-Arms
18:56 Squires
19:41 Wheelbarrow
19:54 Bow Saw
20:25 Long Swordsman
23:58 Stone Mining
24:01 Gold Mining
24:29 Chain Mail Armor
24:50 Iron Casting
35:53 Imperial Age
36:47 Hand Cart
36:17 Town Watch
38:23 Comitatenses
38:50 Fletching
40:01 Blast Furnace
39:11 Scale Barding Armor
40:00 Murder Holes
40:26 Ballistics
40:07 Bodkin Arrow
40:15 Horse Collar
41:18 Gold Shaft Mining
41:30 Town Patrol
41:59 Elite Centurion
45:32 Conscription
44:46 Legionary
50:44 Chain Barding Armor
50:44 Caravan
ZigZag Doobski
0:28 Loom
13:42 Feudal Age
14:59 Wheelbarrow
14:12 Double-Bit Axe
14:10 Horse Collar
16:53 Gold Mining
17:56 Stone Mining
20:14 Castle Age
18:10 Stone Mining
20:47 Bloodlines
21:27 Bow Saw
21:23 Heavy Plow
22:10 Husbandry
23:29 Hand Cart
27:31 Ballistics
32:33 Gold Shaft Mining
32:36 Stone Shaft Mining
32:24 Forging
33:47 Scale Barding Armor
40:12 Imperial Age
38:36 Iron Casting
38:47 Nomads
39:32 Chain Barding Armor
39:04 Fletching
39:15 Padded Archer Armor
42:18 Caravan
44:15 Elite Steppe Lancer
47:36 Blast Furnace
46:31 Bodkin Arrow
46:52 Leather Archer Armor
47:43 Chemistry
46:49 Siege Engineers
46:55 Masonry
46:57 Fortified Wall
47:15 Conscription
47:05 Capped Ram
48:04 Siege Ram
49:07 Drill
50:16 Elite Mangudai
53:35 Hoardings
Connection lost

Rejoining the realm…

Still unreachable

The connection could not be restored.

Session expired

The server has moved on; the page needs a fresh start.